 Dungeon Crawl Stone Soup version 0.21-a0-225-g207ae17 (webtiles) character file.

109 Gorglomux the Chiller (level 4, 18/18 HPs)
             Began as a Felid Ice Elementalist on Aug 29, 2017.
             Was an Initiate of Ru.
             Quit the game on level 3 of the Dungeon.
             The game lasted 00:06:02 (2803 turns).

Gorglomux the Chiller (Felid Ice Elementalist)      Turns: 2803, Time: 00:06:03

Health: 18/18      AC:  1    Str:  4    XL:     4   Next: 60%
Magic:  10/10      EV: 18    Int: 18    God:    Ru [......]
Gold:   155        SH:  0    Dex: 16    Spells: 0/10 levels left
                                        Lives:  0   Deaths: 1

rFire    . . .     SeeInvis +   (weapon unavailable)
rCold    . . .     Gourm    .   (shield unavailable)
rNeg     . . .     Faith    .   (armour unavailable)
rPois    .         Spirit   .   (helmet unavailable)
rElec    .         Reflect  .   (cloak unavailable)
rCorr    +         Harm     .   (gloves unavailable)
MR       .....                  (boots unavailable)
Stlth    +++.......             (no amulet)
HPRegen  0.06/turn              g - ring of resist corrosion
MPRegen  0.12/turn              (no ring)

@: quick
A: no armour, no weapons or thrown items, stealth, claws 1, fangs 3, see
invisible, carnivore 3, speed 1, shaggy fur 1, slow metabolism 1, sharp paws
a: Renounce Religion


You were on level 3 of the Dungeon.
You worshipped Ru.
Ru was noncommittal.
You were not hungry.

You visited 1 branch of the dungeon, and saw 3 of its levels.

You collected 155 gold pieces.

Inventory:

Jewellery
 g - a ring of resist corrosion (left paw)
 C - an uncursed ring of poison resistance {unknown}
Scrolls
 A - a scroll of fear {unknown}
 E - a scroll of enchant armour {unknown}
 G - a scroll of immolation {unknown}
 I - 2 scrolls of amnesia {unknown}
 M - a scroll of remove curse {unknown}
 O - a scroll of random uselessness {unknown}
 R - 2 scrolls of identify
Potions
 D - a potion of resistance {unknown}
 J - 3 potions of mutation
 K - 2 potions of curing {unknown}
 N - a potion of brilliance {unknown}
Books
 a - a book of Frost

   Spells                             Type                      Level
   a - Freeze                         Ice                          1
   b - Throw Frost                    Conjuration/Ice              2
   c - Ozocubu's Armour               Charms/Ice                   3
   d - Throw Icicle                   Conjuration/Ice              4
   e - Summon Ice Beast               Ice/Summoning                4
Comestibles
 z - a meat ration


   Skills:
 - Level 2.6 Dodging
 - Level 2.6 Stealth
 + Level 3.8 Spellcasting
 + Level 1.9 Conjurations
 + Level 4.3 Ice Magic


You couldn't memorise any spells.
You knew the following spells:

 Your Spells              Type           Power        Failure   Level  Hunger
a - Freeze                Ice            ###.         2%          1    None
b - Throw Frost           Conj/Ice       ##....       6%          2    ##.....
c - Throw Icicle          Conj/Ice       ##......     38%         4    ####...
h - Ozocubu's Armour      Chrm/Ice       ##......     19%         3    ###....


Dungeon Overview and Level Annotations

Branches:
Dungeon (3/15)

Altars:
Dithmenos
Hepliaklqana
Makhleb
Ru


Innate Abilities, Weirdness & Mutations

You cannot wear armour.
You are incapable of wielding weapons or throwing items.
Your paws allow you to move quietly. (Stealth)
You have sharp claws.
You have razor-sharp teeth.
You have supernaturally acute eyesight. (SInv)
You are carnivorous and can eat meat at any time.
You cover ground quickly.
You are covered in fur. (AC +1)
You have a slow metabolism.
Your sharp claws are effective at attacking unaware monsters.


Message History

The killer bee is lightly wounded!
The killer bee stings you!
You are poisoned!
The killer bee poisons you!!! The killer bee stings you!!!
You are lethally poisoned!!!
The killer bee poisons you!!!
A killer bee comes into view!
Butts you read the scroll butt WEIJUPHUHU, it crumbles to dust!
It is a scroll of identify!
J - 3 potions of butt;
R - 2 scrolls of identify You feel sick!
The butt bee moves out of view!
The killer bee stings you! * * * don'butt die
* * * Butt are more poisoned!
The killer bee poisons you!!!
The killer bee stings you! rip You are now level 4!!!
You rejoin the land of the living!!!
Are you sure you want to abandon this character and quit the game? (Confirm with "yes"!)
Okay, then!
Are you sure butt want to abandon this character and quit the game? (Confirm with "yes"!)

#...................
###.################
#.#.. ..# #.#.#
#(######## #.#.#
#.#......#
#.#.#####.#.####.#
#.#............#.#
#.#....<#.#.##.#.#
#@........#.##.#.#
###.#######.##.#.#
#.# #.##.#.# #.#
#.##.#.# #.#
#.##.#.# #.#
#....#.#
#.############.#
#..............#
################


There were no monsters in sight!

Vanquished Creatures
  2 killer bees (D:3)
  Jessica (D:2)
  A gnoll (D:1)
  4 adders (D:2)
  A worm (D:2)
  2 dart slugs
  A leopard gecko (D:1)
  2 giant cockroaches (D:1)
  5 goblins
  8 hobgoblins
  3 jackals (D:1)
  A quokka (D:2)
  A ball python (D:1)
  9 bats
  3 frilled lizards
  8 kobolds
  4 rats (D:1)
56 creatures vanquished.

Notes
Turn   | Place    | Note
-------+----------+-------------------------------------------
     0 | D:1      | Gorglomux the Felid Ice Elementalist began the quest for the Orb.
     0 | D:1      | Reached XP level 1. HP: 7/7 MP: 4/4
   171 | D:1      | Reached XP level 2. HP: 11/11 MP: 4/6
   186 | D:1      | Reached skill level 3 in Ice Magic
   290 | D:1      | Learned a level 2 spell: Throw Frost
   541 | D:1      | Reached XP level 3. HP: 14/14 MP: 5/8
   986 | D:1      | Reached skill level 3 in Spellcasting
  1406 | D:2      | Found a burning altar of Makhleb.
  1704 | D:2      | Found a sacrificial altar of Ru.
  1706 | D:2      | Found a hazy altar of Hepliaklqana.
  1706 | D:2      | Found a shadowy altar of Dithmenos.
  1765 | D:2      | Became a worshipper of Ru the Awakened
  1825 | D:2      | Reached XP level 4. HP: 12/18 MP: 2/9
  2014 | D:2      | Reached skill level 1 in Conjurations
  2086 | D:2      | Noticed Jessica
  2088 | D:2      | Killed Jessica
  2432 | D:2      | Learned a level 3 spell: Ozocubu's Armour
  2484 | D:2      | Reached skill level 4 in Ice Magic
  2687 | D:3      | Reached XP level 5. HP: 21/21 MP: 2/11
  2768 | D:3      | Learned a level 4 spell: Throw Icicle
  2802 | D:3      | Slain by a killer bee
  2803 | D:3      | Reached XP level 4. HP: 0/18 MP: 4/10
  2803 | D:3      | Quit the game

Vault maps used:
D:1:      giann_horns
D:2:      old_standard_altar, minitemple, uniq_jessica
D:3:      first_bread

Skill      XL: |  1  2  3  4 |
---------------+-------------+-----
Ice Magic      | 3 4 |  4.3
Spellcasting   | 3 |  3.8
Conjurations   | 1 |  1.9
Dodging        | |  2.6
Stealth        | |  2.6

Action                   |  1- 3 |  4- 6 || total
-------------------------+-------+-------++-------
Melee: Unarmed           |    11 |     4 ||    15
       Bite              |     1 |       ||     1
 Cast: Freeze            |    38 |    14 ||    52
       Throw Frost       |    29 |    18 ||    47
       Ozocubu's Armour  |       |     3 ||     3
  Use: Scroll            |       |     1 ||     1
  Eat: Chunk             |     9 |     4 ||    13
Armor: Skin              |       |     1 ||     1
Dodge: Dodged            |    43 |    13 ||    56

Table legend:
 A = Spawn XP
 B = Non-spawn XP
 C = Spawn XP percentage of total XP
 D = Spawn monster count
 E = Non-spawn monster count
 F = Spawn count percentage of total count
 G = Total turns spent on level
                    A         B        C        D         E        F      G
               +---------+---------+-------+---------+---------+-------+---------
         Total |      29 |     280 |   9.4 |      10 |      46 |  17.9 |  2803
               +---------+---------+-------+---------+---------+-------+---------
           D:1 |       5 |      62 |   7.5 |       4 |      29 |  12.1 |  1284
           D:2 |      24 |     100 |  19.4 |       6 |      15 |  28.6 |  1308
           D:3 |       0 |     118 |   0.0 |       0 |       2 |   0.0 |   211
               +---------+---------+-------+---------+---------+-------+---------
